Map: Artillería pesada EE

Players

bmagsalan

  • Race: Zerg Zerg
  • League: Gold
  • Spawn Location: 7:00

lazyfool

  • Race: Zerg Zerg
  • Spawn Location: 7:00

MrFercho - Winner!

  • Race: Zerg Zerg
  • League: Gold
  • Spawn Location: 1:00

tigro - Winner!

  • Race: Terran Terran
  • League: Bronze
  • Spawn Location: 3:00

VOD

Have the link to the VOD?

Description

Time

  • Played on: Aug. 23, 2020, 8:56 p.m.
  • Length: 11:21
Show
View Real Time Build Order
Export as new Build Order

bmagsalan Zerg 

Build Orders: Hatch First 

Get SALT Encoding   

  12  0:00  Drone  
  13  0:08  Drone  
  14  0:16  Overlord  
  14  0:45  Hatchery  
  13  0:58  Spawning Pool  
  13  1:01  Drone  
  13  1:06  Drone  
  13  1:10  Drone  
  15  1:15  Extractor  
  15  1:17  Drone  
  15  1:23  Drone  
  16  1:34  Drone  
  17  1:45  Overlord  
  17  1:50  Queen  
  19  2:02  Queen  
  19  2:07  Zergling x2  
  19  2:08  Zergling x2  
  23  2:12  Drone  
  23  2:13  Drone  
  25  2:21  Metabolic Boost  
  25  2:24  Drone  
  25  2:26  Drone  
  25  2:29  Drone  
  28  2:37  Drone  
  28  2:43  Drone  
  28  2:44  Drone  
  31  2:51  Drone  
  31  2:53  Overlord  
  32  3:08  Drone x3  
  32  3:09  Drone  
  35  3:22  Roach Warren  
  35  3:25  Evolution Chamber  
  33  3:29  Drone x5  
  33  3:30  Evolution Chamber, Drone  
  33  3:32  Overlord  
  38  3:36  Extractor  
  38  3:38  Extractor  
  36  3:46  Drone x3  
  36  3:47  Drone x2  
  41  3:56  Extractor  
  41  3:59  Zerg Melee Weapons Level 1  
  40  4:17  Drone x5  
  42  4:18  Drone  
  46  4:27  Zergling x4  
  46  4:28  Zergling x4  
  50  4:36  Zerg Ground Armor Level 1  
  50  4:40  Lair  
  50  4:42  Zergling x2  
  51  4:48  Hatchery  
  50  5:25  Hatchery  
  50  5:26  Overlord  
  50  5:27  Overlord x4  
  49  5:37  Drone x2  
  49  5:41  Overlord x4  
  51  6:05  Roach x3  
  51  6:06  Roach x5  
  51  6:07  Glial Reconstitution  
  51  6:11  Zerg Melee Weapons Level 2  
  67  6:34  Queen  
  67  6:38  Queen  
  71  6:51  Roach x6  
  71  6:52  Roach  
  85  6:56  Roach x2  
  89  7:04  Zerg Ground Armor Level 2  
  89  7:12  Evolution Chamber  
  88  7:21  Infestation Pit  
  88  7:26  Tunneling Claws  
  88  7:36  Queen  
  90  7:43  Drone x2  
  90  7:44  Drone x13  
  93  7:45  Drone x2  
  91  8:04  Hive  
  85  8:11  Queen  
  87  8:23  Extractor  
  87  8:25  Extractor  
  85  8:27  Zerg Missile Weapons Level 1  
  85  8:35  Overseer  
  85  8:38  Overseer  
  85  8:39  Overseer  
  85  8:44  Pneumatized Carapace  
  85  8:53  Drone x3  
  85  8:54  Drone x5  
  67  9:11  Roach x5  
  67  9:12  Roach x4  
  80  9:41  Roach x5  
  80  9:42  Roach x3  
  96  9:56  Evolution Chamber  
  91  10:19  Spawning Pool  
  80  10:33  Roach x3  
Show
View Real Time Build Order
Export as new Build Order

lazyfool Zerg 

Build Orders: Pool First 

Get SALT Encoding   

  12  0:01  Drone  
  13  0:08  Drone  
  14  0:16  Overlord  
  14  0:26  Extractor  
  14  0:27  Drone  
  14  0:42  Spawning Pool  
  13  0:43  Drone  
  14  0:54  Drone  
  14  0:56  Drone  
  16  0:59  Drone  
  17  1:07  Drone  
  18  1:16  Drone  
  19  1:27  Drone  
  19  1:32  Metabolic Boost  
  20  1:35  Queen  
  22  1:47  Extractor  
  22  1:49  Drone  
  22  1:51  Overlord  
  22  2:01  Evolution Chamber  
  21  2:09  Zergling x2  
  21  2:12  Drone  
  23  2:23  Drone  
  24  2:32  Zerg Melee Weapons Level 1  
  24  2:33  Drone  
  25  2:39  Lair  
  25  2:48  Overlord  
  25  2:51  Hatchery  
  25  2:53  Drone x2  
  26  3:00  Zergling x2  
  27  3:30  Extractor  
  27  3:33  Overlord  
  26  3:46  Hydralisk Den  
  26  3:48  Zergling x6  
  27  3:50  Spire  
  27  4:03  Drone  
  27  4:05  Queen  
  27  4:07  Drone  
  31  4:14  Drone  
  31  4:26  Zerg Ground Armor Level 1  
  30  4:52  Drone x3  
  31  4:53  Drone x3  
  33  5:02  Grooved Spines  
  33  5:15  Drone x3  
  33  5:16  Drone  
  37  5:21  Extractor  
  37  5:25  Overlord  
  37  5:26  Overlord  
  36  5:40  Hatchery, Mutalisk x2  
  39  5:55  Drone x5  
  39  5:56  Drone  
  45  6:10  Overlord x2  
  45  6:12  Pneumatized Carapace  
  45  6:14  Muscular Augments  
  45  6:15  Burrow  
  45  6:20  Zerg Missile Weapons Level 1, Mutalisk x2  
  49  6:34  Mutalisk  
  51  6:51  Zerg Flyer Weapons Level 1  
  51  6:54  Drone  
  51  6:55  Drone x6  
  51  6:56  Drone  
  59  7:20  Infestation Pit  
  59  7:21  Drone x2  
  60  7:23  Drone x3  
  60  7:24  Drone  
  60  7:27  Drone x3  
  60  7:28  Drone x3  
  70  7:34  Overlord  
  70  7:36  Extractor  
  63  8:13  Zergling x6  
  63  8:14  Zergling x12  
  63  8:15  Zergling x4  
  74  8:29  Overseer  
  72  8:40  Hydralisk x3  
  72  8:41  Hydralisk x3  
  69  9:19  Hatchery  
  68  9:28  Zergling x8  
  68  9:29  Zergling x4  
    10:58  Drone  
Show
View Real Time Build Order
Export as new Build Order

MrFercho Zerg - Winner!

Build Orders: Hatch First 

Get SALT Encoding   

  12  0:00  Drone  
  13  0:13  Overlord  
  13  0:17  Drone  
  14  0:33  Drone x2  
  16  0:49  Hatchery  
  15  0:53  Drone  
  16  0:57  Drone  
  16  1:00  Drone  
  18  1:08  Extractor  
  17  1:16  Spawning Pool  
  16  1:19  Drone  
  16  1:21  Drone  
  18  1:29  Drone  
  19  1:54  Drone  
  20  1:56  Overlord  
  20  2:03  Queen x2  
  20  2:05  Zergling x4  
  26  2:14  Drone x2  
  28  2:23  Drone  
  28  2:24  Drone  
  28  2:27  Metabolic Boost  
  30  2:37  Drone x2  
  30  2:41  Queen  
  34  3:05  Lair  
  34  3:15  Roach Warren  
  34  3:19  Extractor  
  32  3:30  Drone x4  
  32  3:32  Overlord x3  
  36  3:56  Overlord  
  36  3:57  Overlord  
  36  3:59  Drone  
  36  4:00  Drone x3  
  40  4:08  Glial Reconstitution  
  40  4:15  Evolution Chamber  
  39  4:43  Zerg Missile Weapons Level 1  
  39  4:45  Drone x3  
  42  4:51  Extractor  
  38  5:09  Zergling x2  
  38  5:10  Zergling x12  
  38  5:11  Zergling x2  
  38  5:14  Drone x3  
  49  5:24  Drone  
  50  5:28  Drone  
  50  5:29  Extractor  
  50  5:30  Drone x3  
  50  5:33  Pneumatized Carapace  
  53  5:40  Nydus Network, Roach x4  
  53  5:41  Drone  
  53  5:42  Overlord  
  61  5:46  Overlord x3  
  61  6:12  Hatchery  
  61  6:14  Hatchery  
  59  6:24  Roach x4  
  59  6:25  Roach x5  
  77  7:06  Roach x11  
  99  7:13  Overseer  
  99  7:20  Overseer  
  99  7:24  Spore Crawler  
  99  7:25  Drone  
  99  7:26  Drone x2  
  99  7:28  Overseer, Spore Crawler  
  99  7:29  Spore Crawler  
  99  7:30  Spore Crawler  
  99  7:31  Spore Crawler  
  99  7:32  Spore Crawler  
  99  7:34  Spore Crawler  
  99  7:35  Spore Crawler  
  99  7:36  Hydralisk Den, Drone x4  
  99  7:37  Drone x3  
  100  8:22  Nydus Canal  
  100  8:43  Hydralisk  
  100  8:44  Hydralisk x5  
  100  8:47  Overlord x3  
  112  8:49  Grooved Spines  
  108  9:39  Hydralisk x14  
  135  9:46  Overlord x5  
  135  10:01  Muscular Augments  
  134  10:07  Hydralisk  
  134  10:08  Hydralisk x7  
  135  10:49  Roach x16  
Show
View Real Time Build Order
Export as new Build Order

tigro Terran - Winner!

Build Orders:  

Get SALT Encoding   

  12  0:17  SCV  
  13  0:24  Supply Depot  
  13  0:29  SCV  
  14  0:41  SCV  
  15  0:47  Supply Depot  
  15  0:50  Barracks  
  15  0:53  SCV  
  16  1:00  Refinery  
  16  1:10  Supply Depot  
  16  1:15  SCV  
  17  1:27  SCV  
  18  1:39  SCV  
  19  1:40  Marine  
  20  1:47  Refinery  
  20  1:51  SCV  
  21  1:58  Marine  
  22  2:04  SCV  
  23  2:16  Marine, SCV  
  25  2:27  Factory  
  25  2:28  SCV  
  26  2:34  Marine  
  27  2:52  Marine  
  27  2:54  Orbital Command  
  28  3:14  Factory Tech Lab  
  28  3:21  Barracks Reactor, Starport  
  28  3:33  Engineering Bay  
  28  3:52  Siege Tank  
  31  4:05  Medivac  
  31  4:06  Barracks  
  33  4:24  Siege Tank  
  36  4:32  Command Center  
  36  5:21  Starport Tech Lab  
  36  5:45  Banshee  
  39  5:53  Planetary Fortress  
  39  5:54  Refinery  
  39  6:02  Barracks Tech Lab  
  39  6:11  Refinery  
  39  6:27  Banshee  
  42  6:49  Cloaking Field  
  42  6:58  Siege Tank  
  45  7:10  Banshee  
  48  7:30  Siege Tank  
  51  7:53  Banshee  
  49  8:02  Siege Tank  
  52  8:35  Marine  
  52  8:36  Marine  
  54  8:57  Marine x3  
  54  9:06  Banshee  
  51  9:15  Marine x3  
  51  9:33  Marine x3  
  54  9:51  Marine  
  49  10:08  Marine  
Tags
 
Add a new tag
Caveats
  • Supply blocks, unpowered buildings, or Contaminate may cause inaccurate times.
  • Supply counts are checked every 10 seconds.